Little Stars vs Punishers

Created - 19 novembre 2012 at 19:14

Goals
1 2 3 T
Little Stars 0 1 0 1
Punishers 0 2 1 3
Shots
1 2 3 T
Little Stars 5 11 17 33
Punishers 14 7 16 37

1st period

No Goal

Penalties :
Alyn McCauley (Pro) for Holding Stick (Minor) at 7:34, Ryan White (Pro) for Hooking (Minor) at 13:35, Jordan Bendfeld (Tex) for High sticking (Minor) at 13:35, Jean-Luc Grand-Pierre (Pro) for Holding (Minor) at 17:24

2nd period

1. Punishers , Dave Bolland 1 (Mike Grier, Kirk Maltby) at 13:42 (PP)
2. Punishers , Chris Conner 1 (Jimmie Olvestad, Alyn McCauley) at 15:52
3. Little Stars , Matt D'Agostini 1 (Steve Regier, Nathan Gerbe) at 19:24

Penalties :
Mike Grier (Pro) for Hooking (Minor) at 0:55, Jordan Bendfeld (Tex) for Holding (Minor) at 13:28, Oskar Osala (Tex) for High sticking (Minor) at 16:38

3rd period

4. Punishers , Alyn McCauley 1 (Jimmie Olvestad, Jassen Cullimore) at 7:49

Penalties :
Mike Grier (Pro) for Hooking (Minor) at 1:40, Petteri Nokelainen (Pro) for Interference (Minor) at 3:27, Matt Pelech (Tex) for Holding (Minor) at 3:27, Kirk Maltby (Pro) for Fighting (Major) at 9:40, Matt Halischuk (Tex) for Fighting (Major) at 9:40

Goalie Stats

Alex Auld (Tex), 34 saves from 37 shots - (0,919), L, 0-1-0, 60:00 minutes
Karri Ramo (Pro), 32 saves from 33 shots - (0,970), W, 2-1-0, 60:00 minutes

Players Stats for Little Stars

Player Name              G  A  P  +/- PIM S  H  SB GA TA FO     MP     PP MP  PK MP  
------------------------------------------------------------------------------------
Cody Bass                0  0  0   0  0   0  0  0  0  1  0/2     9:12   0:00   0:37 
Greg Stewart             0  0  0   0  0   4  3  1  0  0  0/0    21:35   4:07   1:17 
Hugh Jessiman            0  0  0   0  0   0  2  0  0  2  3/4    18:08   4:06   0:00 
Jonathan Blum            0  0  0   0  0   2  2  1  0  0  0/0    19:57   2:48   1:08 
Jordan Bendfeld          0  0  0   0  4   0  1  1  0  0  0/0    14:06   0:00   0:00 
Jordan Hendry            0  0  0  -1  0   2  0  4  0  0  0/0    27:08   4:56   1:05 
Krys Kolanos             0  0  0   0  0   1  1  0  0  0  6/10   13:00   0:00   1:09 
Matt D'Agostini          1  0  1  -1  0   1  2  0  0  0  1/1    17:10   3:29   0:00 
Matt Halischuk           0  0  0   0  5   1  0  0  0  0  0/0    10:41   0:08   0:00 
Matt Pelech              0  0  0   0  2   1  3  1  0  1  0/0    18:43   2:47   1:08 
Nathan Gerbe             0  1  1  -1  0   6  2  0  0  0  8/12   18:45   3:29   0:27 
Oskar Osala              0  0  0   0  2   7  1  0  1  0  0/0    13:30   0:09   0:00 
Patrick O'Sullivan       0  0  0   0  0   2  1  0  0  0  21/36  20:00   4:07   0:00 
Paul Postma              0  0  0   0  0   0  0  0  0  0  0/0    12:16   0:00   0:00 
Steve MacIntyre          0  0  0   0  0   0  1  0  0  1  0/0     6:50   0:00   0:29 
Steve Regier             0  1  1  -1  0   5  2  0  1  2  0/0    18:45   3:29   0:27 
Troy Bodie               0  0  0   0  0   1  0  0  0  0  0/0     6:50   0:08   0:00 
Tyler Eckford            0  0  0  -1  0   0  1  0  0  1  0/0    27:08   4:56   1:05 

Players Stats for Punishers

Player Name              G  A  P  +/- PIM S  H  SB GA TA FO     MP     PP MP  PK MP  
------------------------------------------------------------------------------------
Adam McQuaid             0  0  0  -1  0   2  0  2  0  0  0/0    11:59   0:00   1:21 
Adam Pineault            0  0  0   0  0   2  0  1  0  0  0/0     9:18   0:08   0:00 
Alyn McCauley            1  1  2   2  2   3  0  0  0  0  4/10   18:13   0:53   2:30 
Chris Conner             1  0  1   2  0   2  1  0  1  0  0/0    13:25   0:53   0:00 
Dave Bolland             1  0  1   0  0   7  1  1  1  0  16/38  20:03   1:18   2:00 
Jassen Cullimore         0  1  1   2  0   4  5  1  0  0  0/0    27:14   1:07   3:40 
Jean-Luc Grand-Pierre    0  0  0   0  2   4  1  1  0  1  0/0    21:01   1:06   2:55 
Jimmie Olvestad          0  2  2   2  0   3  3  0  1  0  0/0    16:03   0:53   2:02 
Kirk Maltby              0  1  1   0  5   2  1  2  1  0  0/1    20:43   1:12   3:58 
Kris Chucko              0  0  0  -1  0   1  0  0  0  0  0/2     8:45   0:00   0:22 
Marc-André Bergeron      0  0  0   2  0   2  4  2  0  0  0/0    27:14   1:07   3:40 
Mark Fraser              0  0  0   0  0   1  1  3  1  1  0/0    21:48   1:06   4:04 
Mike Blunden             0  0  0  -1  0   1  0  0  0  0  0/0     8:23   0:00   0:00 
Mike Grier               0  1  1   0  4   1  3  1  1  0  2/4    20:56   1:12   2:04 
Petteri Nokelainen       0  0  0   0  2   2  1  0  0  0  4/7    12:18   0:00   2:43 
Ryan White               0  0  0  -1  2   0  0  1  0  0  0/3     8:23   0:00   0:00 
Stu Bickel               0  0  0  -1  0   0  1  1  0  0  0/0    10:58   0:00   0:12 
Viktor Stalberg          0  0  0   0  0   0  0  1  2  0  0/0    11:15   0:10   0:00 

3 Stars

1 - Karri Ramo (Pro)
2 - Jimmie Olvestad (Pro)
3 - Jassen Cullimore (Pro)

Power Play

Little Stars - 0 on 4 Attempt(s) - 0,00%
Punishers - 1 on 2 Attempt(s) - 50,00%

Penalty Kill

Little Stars - 1 on 2 Attempt(s) - 50,00% - Score 0 goal in Penalty Kill
Punishers - 4 on 4 Attempt(s) - 100,00% - Score 0 goal in Penalty Kill

Official

Referees : Morton Dean and Pochmara Brian
Linesman : Steve Miller and Thor Nelson

Game Notes

Matt Halischuk beats up Kirk Maltby at 9:40 of 3rd period

Little Stars

5 vs 5 Forward 
   Center                   Left Wing                Right Wing               Time % Phy DF OF 
 1 Patrick O'Sullivan       Greg Stewart             Hugh Jessiman            40     1   2  2  
 2 Nathan Gerbe             Steve Regier             Matt D'Agostini          30     1   2  2  
 3 Krys Kolanos             Oskar Osala              Matt Halischuk           20     1   2  2  
 4 Cody Bass                Steve MacIntyre          Troy Bodie               10     1   2  2  

5 vs 5 Defense 
   Defense                  Defense                                           Time % Phy DF OF 
 1 Jordan Hendry            Tyler Eckford                                     40     1   2  2  
 2 Jonathan Blum            Matt Pelech                                       30     1   2  2  
 3 Paul Postma              Jordan Bendfeld                                   20     1   2  2  
 4 Jordan Hendry            Tyler Eckford                                     10     1   2  2  

PowerPlay Forward 
   Center                   Left Wing                Right Wing               Time % Phy DF OF 
 1 Patrick O'Sullivan       Greg Stewart             Hugh Jessiman            60     1   2  2  
 2 Nathan Gerbe             Steve Regier             Matt D'Agostini          40     1   2  2  

PowerPlay Defense
   Defense                  Defense                                           Time % Phy DF OF 
 1 Jordan Hendry            Tyler Eckford                                     60     1   2  2  
 2 Jonathan Blum            Matt Pelech                                       40     1   2  2  

Penalty Kill 4 Players Forward 
   Center                   Wing                     Time % Phy DF OF 
 1 Krys Kolanos             Greg Stewart             60     1   2  2  
 2 Nathan Gerbe             Steve Regier             40     1   2  2  

Penalty Kill 4 Players Defense
   Defense                  Defense                  Time % Phy DF OF 
 1 Jordan Hendry            Tyler Eckford            60     1   2  2  
 2 Jonathan Blum            Matt Pelech              40     1   2  2  

Penalty Kill - 3 Players Forward 
   Forward                                           Time % Phy DF OF 
 1 Greg Stewart                                      60     1   2  2  
 2 Steve Regier                                      40     1   2  2  

Penalty Kill - 3 Players Defense
   Defense                  Defense                  Time % Phy DF OF 
 1 Jordan Hendry            Tyler Eckford            60     1   2  2  
 2 Jonathan Blum            Matt Pelech              40     1   2  2  

4 vs 4 Forward 
   Center                   Wing                     Time % Phy DF OF 
 1 Patrick O'Sullivan       Greg Stewart             60     1   2  2  
 2 Nathan Gerbe             Steve Regier             40     1   2  2  

4 vs 4 Defense
   Defense                  Defense                  Time % Phy DF OF 
 1 Jordan Hendry            Tyler Eckford            60     1   2  2  
 2 Jonathan Blum            Matt Pelech              40     1   2  2  

Last Minutes Offensive
   Center                   Left Wing                Right Wing               Defense                  Defense                  
   Patrick O'Sullivan       Steve Regier             Hugh Jessiman            Jordan Hendry            Tyler Eckford            

Last Minutes Defensive
   Center                   Left Wing                Right Wing               Defense                  Defense                  
   Krys Kolanos             Greg Stewart             Hugh Jessiman            Jordan Hendry            Tyler Eckford            

Goaltenders
Starting : Alex Auld                
Backup : Philippe Sauvé           

Extra Forwards
Normal : Oskar Osala, Matt Halischuk, Cody Bass - PP : Oskar Osala, Matt Halischuk - PK : Cody Bass
Extra Defensemen
Normal : Jonathan Blum, Jordan Bendfeld, Tyler Eckford - PP : Jonathan Blum - PK : Jordan Bendfeld, Tyler Eckford
Penalty Shots
Patrick O'Sullivan, Steve Regier, Krys Kolanos, Greg Stewart, Nathan Gerbe

Punishers

5 vs 5 Forward 
   Center                   Left Wing                Right Wing               Time % Phy DF OF 
 1 Dave Bolland             Kirk Maltby              Mike Grier               40     1   2  2  
 2 Alyn McCauley            Jimmie Olvestad          Chris Conner             30     1   2  2  
 3 Petteri Nokelainen       Viktor Stalberg          Adam Pineault            20     1   2  2  
 4 Ryan White               Kris Chucko              Mike Blunden             10     1   2  2  

5 vs 5 Defense 
   Defense                  Defense                                           Time % Phy DF OF 
 1 Jassen Cullimore         Marc-André Bergeron                               40     1   2  2  
 2 Jean-Luc Grand-Pierre    Mark Fraser                                       30     1   2  2  
 3 Stu Bickel               Adam McQuaid                                      20     1   2  2  
 4 Jassen Cullimore         Marc-André Bergeron                               10     1   2  2  

PowerPlay Forward 
   Center                   Left Wing                Right Wing               Time % Phy DF OF 
 1 Dave Bolland             Kirk Maltby              Mike Grier               60     1   2  2  
 2 Alyn McCauley            Jimmie Olvestad          Chris Conner             40     1   2  2  

PowerPlay Defense
   Defense                  Defense                                           Time % Phy DF OF 
 1 Jassen Cullimore         Marc-André Bergeron                               60     1   2  2  
 2 Jean-Luc Grand-Pierre    Mark Fraser                                       40     1   2  2  

Penalty Kill 4 Players Forward 
   Center                   Wing                     Time % Phy DF OF 
 1 Mike Grier               Kirk Maltby              60     1   2  2  
 2 Dave Bolland             Alyn McCauley            40     1   2  2  

Penalty Kill 4 Players Defense
   Defense                  Defense                  Time % Phy DF OF 
 1 Jassen Cullimore         Marc-André Bergeron      60     1   2  2  
 2 Jean-Luc Grand-Pierre    Mark Fraser              40     1   2  2  

Penalty Kill - 3 Players Forward 
   Forward                                           Time % Phy DF OF 
 1 Mike Grier                                        60     1   2  2  
 2 Kirk Maltby                                       40     1   2  2  

Penalty Kill - 3 Players Defense
   Defense                  Defense                  Time % Phy DF OF 
 1 Jassen Cullimore         Marc-André Bergeron      60     1   2  2  
 2 Jean-Luc Grand-Pierre    Mark Fraser              40     1   2  2  

4 vs 4 Forward 
   Center                   Wing                     Time % Phy DF OF 
 1 Mike Grier               Kirk Maltby              60     1   2  2  
 2 Dave Bolland             Alyn McCauley            40     1   2  2  

4 vs 4 Defense
   Defense                  Defense                  Time % Phy DF OF 
 1 Jassen Cullimore         Marc-André Bergeron      60     1   2  2  
 2 Jean-Luc Grand-Pierre    Mark Fraser              40     1   2  2  

Last Minutes Offensive
   Center                   Left Wing                Right Wing               Defense                  Defense                  
   Dave Bolland             Kirk Maltby              Mike Grier               Jassen Cullimore         Marc-André Bergeron      

Last Minutes Defensive
   Center                   Left Wing                Right Wing               Defense                  Defense                  
   Dave Bolland             Kirk Maltby              Mike Grier               Jassen Cullimore         Marc-André Bergeron      

Goaltenders
Starting : Karri Ramo               
Backup : Curtis McElhinney        

Extra Forwards
Normal : Viktor Stalberg, Adam Pineault, Petteri Nokelainen - PP : Viktor Stalberg, Adam Pineault - PK : Petteri Nokelainen
Extra Defensemen
Normal : Stu Bickel, Adam McQuaid, Jean-Luc Grand-Pierre - PP : Stu Bickel - PK : Adam McQuaid, Jean-Luc Grand-Pierre
Penalty Shots
Mike Grier, Kirk Maltby, Dave Bolland, Alyn McCauley, Jimmie Olvestad

% Time on Ice - Little Stars

Lines # - Real PCT - Wanted PCT - Time Play
Normal Forward
1 - 31% - 40% - 14:21
2 - 30% - 30% - 13:41
3 - 26% - 20% - 11:51
4 - 13% - 10% - 6:12
Normal Defense
1 - 41% - 40% - 19:00
2 - 31% - 30% - 14:08
3 - 27% - 20% - 12:16
4 - 1% - 10% - 0:41
PP Forward
1 - 55% - 60% - 4:15
2 - 45% - 40% - 3:29
PP Defense
1 - 64% - 60% - 4:56
2 - 36% - 40% - 2:48
PK Forward
1 - 80% - 60% - 1:46
2 - 20% - 40% - 0:27
PK Defense
1 - 49% - 60% - 1:05
2 - 51% - 40% - 1:08
PK3 Forward
1 - 0% - 60%
2 - 0% - 40%
PK3 Defense
1 - 0% - 60%
2 - 0% - 40%
44 Forward
1 - 71% - 60% - 2:50
2 - 29% - 40% - 1:08
44 Defense
1 - 36% - 60% - 1:26
2 - 64% - 40% - 2:32
Last Minute Offensive  - 0:00
Last Minute Defensive  - 0:00
Total
Forward - 60:00
Defense - 60:00

% Time on Ice - Punishers

Lines # - Real PCT - Wanted PCT - Time Play
Normal Forward
1 - 34% - 40% - 15:51
2 - 29% - 30% - 13:22
3 - 18% - 20% - 8:29
4 - 18% - 10% - 8:23
Normal Defense
1 - 42% - 40% - 19:21
2 - 32% - 30% - 14:46
3 - 23% - 20% - 10:46
4 - 3% - 10% - 1:12
PP Forward
1 - 60% - 60% - 1:20
2 - 40% - 40% - 0:53
PP Defense
1 - 50% - 60% - 1:07
2 - 50% - 40% - 1:06
PK Forward
1 - 82% - 60% - 6:22
2 - 18% - 40% - 1:22
PK Defense
1 - 50% - 60% - 3:52
2 - 50% - 40% - 3:52
PK3 Forward
1 - 100% - 60% - 0:12
2 - 0% - 40% - 0:00
PK3 Defense
1 - 0% - 60% - 0:00
2 - 100% - 40% - 0:12
44 Forward
1 - 73% - 60% - 2:46
2 - 27% - 40% - 1:00
44 Defense
1 - 50% - 60% - 1:54
2 - 50% - 40% - 1:52
Last Minute Offensive  - 0:00
Last Minute Defensive  - 0:00
Total
Forward - 60:00
Defense - 60:00

Play by Play

1st period


0:01 of 1st period - Patrick O'Sullivan wins face-off versus Dave Bolland in neutral zone.
0:10 of 1st period - Snap shot by Dave Bolland.
0:10 of 1st period - Shot Misses the Net.
1:18 of 1st period - Off-side.
1:19 of 1st period - Patrick O'Sullivan wins face-off versus Dave Bolland in neutral zone.
1:23 of 1st period - Off-side.
1:24 of 1st period - Patrick O'Sullivan wins face-off versus Dave Bolland in neutral zone.
1:37 of 1st period - Slapshot by Mike Grier.
1:37 of 1st period - Stopped by Alex Auld with a rebound.
1:51 of 1st period - Wrist shot by Viktor Stalberg.
1:51 of 1st period - Deflect By Adam Pineault.
1:51 of 1st period - Stopped by Alex Auld with a rebound.
1:53 of 1st period - Wrist shot by Petteri Nokelainen.
1:53 of 1st period - Shot Misses the Net.
1:55 of 1st period - Slapshot by Adam McQuaid.
1:55 of 1st period - Stopped by Alex Auld without a rebound.
1:56 of 1st period - Petteri Nokelainen wins face-off versus Nathan Gerbe in Little Stars zone.
2:33 of 1st period - Krys Kolanos is hit by Chris Conner and loses puck.
2:54 of 1st period - Snap shot by Krys Kolanos.
2:54 of 1st period - Shot Blocked by Mark Fraser.
2:56 of 1st period - Wrist shot by Oskar Osala.
2:56 of 1st period - Stopped by Karri Ramo with a rebound.
3:24 of 1st period - Slapshot by Oskar Osala.
3:24 of 1st period - Deflect By Krys Kolanos.
3:24 of 1st period - Shot Misses the Net.
3:24 of 1st period - Puck is out of play.
3:25 of 1st period - Dave Bolland wins face-off versus Patrick O'Sullivan in Punishers zone.
3:38 of 1st period - Snap shot by Mike Grier.
3:38 of 1st period - Deflect By Dave Bolland.
3:38 of 1st period - Stopped by Alex Auld without a rebound.
3:39 of 1st period - Dave Bolland wins face-off versus Nathan Gerbe in Little Stars zone.
4:04 of 1st period - Marc-André Bergeron is hit by Hugh Jessiman and loses puck.
4:44 of 1st period - Steve Regier is hit by Mike Grier.
5:00 of 1st period - Wrist shot by Jimmie Olvestad.
5:00 of 1st period - Stopped by Alex Auld with a rebound.
5:17 of 1st period - Icing by Jordan Hendry.
5:18 of 1st period - Krys Kolanos wins face-off versus Ryan White in Little Stars zone.
5:27 of 1st period - Slapshot by Krys Kolanos.
5:27 of 1st period - Shot Blocked by Mark Fraser.
5:29 of 1st period - Backhand shot by Tyler Eckford.
5:29 of 1st period - Shot Hit the Post.
5:31 of 1st period - Slapshot by Jordan Hendry.
5:31 of 1st period - Deflect By Jean-Luc Grand-Pierre.
5:31 of 1st period - Stopped by Karri Ramo with a rebound.
6:13 of 1st period - Slapshot by Mike Blunden.
6:13 of 1st period - Stopped by Alex Auld without a rebound.
6:14 of 1st period - Dave Bolland wins face-off versus Patrick O'Sullivan in Little Stars zone.
6:39 of 1st period - Slapshot by Nathan Gerbe.
6:39 of 1st period - Deflect By Matt D'Agostini.
6:39 of 1st period - Shot Misses the Net.
6:39 of 1st period - Puck is out of play.
6:40 of 1st period - Alyn McCauley wins face-off versus Nathan Gerbe in Punishers zone.
6:55 of 1st period - Snap shot by Jimmie Olvestad.
6:55 of 1st period - Stopped by Alex Auld without a rebound.
6:56 of 1st period - Dave Bolland wins face-off versus Patrick O'Sullivan in Little Stars zone.
6:57 of 1st period - Slapshot by Mike Grier.
6:57 of 1st period - Deflect By Kirk Maltby.
6:57 of 1st period - Shot Misses the Net.
6:57 of 1st period - Puck is out of play.
6:58 of 1st period - Dave Bolland wins face-off versus Hugh Jessiman in Little Stars zone.
7:25 of 1st period - Matt D'Agostini is hit by Jassen Cullimore.
7:34 of 1st period - Minor Penalty to Alyn McCauley for Holding Stick.
7:35 of 1st period - Mike Grier wins face-off versus Patrick O'Sullivan in Punishers zone.
8:08 of 1st period - Wrist shot by Nathan Gerbe.
8:08 of 1st period - Stopped by Karri Ramo without a rebound.
8:09 of 1st period - Patrick O'Sullivan wins face-off versus Dave Bolland in Punishers zone.
8:32 of 1st period - Nathan Gerbe is hit by Mike Grier.
8:52 of 1st period - Mark Fraser is hit by Tyler Eckford and loses puck.
9:09 of 1st period - Jassen Cullimore is hit by Steve Regier and loses puck.
9:26 of 1st period - Jassen Cullimore is hit by Patrick O'Sullivan and loses puck.
9:34 of 1st period - Penalty to Alyn McCauley is over, Alyn McCauley is back on ice.
10:30 of 1st period - Off-side.
10:31 of 1st period - Alyn McCauley wins face-off versus Cody Bass in neutral zone.
10:38 of 1st period - Snap shot by Alyn McCauley.
10:38 of 1st period - Stopped by Alex Auld without a rebound.
10:39 of 1st period - Dave Bolland wins face-off versus Cody Bass in Little Stars zone.
10:40 of 1st period - Slapshot by Kirk Maltby.
10:40 of 1st period - Stopped by Alex Auld without a rebound.
10:41 of 1st period - Dave Bolland wins face-off versus Patrick O'Sullivan in Little Stars zone.
11:26 of 1st period - Jassen Cullimore is hit by Steve MacIntyre and loses puck.
11:47 of 1st period - Jordan Hendry is hit by Jassen Cullimore and loses puck.
12:26 of 1st period - Wrist shot by Nathan Gerbe.
12:26 of 1st period - Stopped by Karri Ramo with a rebound.
13:35 of 1st period - Minor Penalty to Ryan White for Hooking.
13:35 of 1st period - Minor Penalty to Jordan Bendfeld for High sticking.
13:36 of 1st period - Patrick O'Sullivan wins face-off versus Mike Grier in neutral zone.
13:41 of 1st period - Kirk Maltby is hit by Matt Pelech and loses puck.
13:54 of 1st period - Greg Stewart is hit by Jassen Cullimore and loses puck.
14:15 of 1st period - Mark Fraser is hit by Nathan Gerbe and loses puck.
15:17 of 1st period - Steve Regier is hit by Jean-Luc Grand-Pierre and loses puck.
15:35 of 1st period - Penalty to Ryan White is over, Ryan White is back on ice.
15:35 of 1st period - Penalty to Jordan Bendfeld is over, Jordan Bendfeld is back on ice.
15:52 of 1st period - Snap shot by Steve MacIntyre.
15:52 of 1st period - Deflect By Troy Bodie.
15:52 of 1st period - Stopped by Karri Ramo without a rebound.
15:53 of 1st period - Alyn McCauley wins face-off versus Krys Kolanos in Punishers zone.
15:53 of 1st period - Alyn McCauley is hit by Oskar Osala.
16:03 of 1st period - Wrist shot by Alyn McCauley.
16:03 of 1st period - Shot Misses the Net.
16:05 of 1st period - Snap shot by Jimmie Olvestad.
16:05 of 1st period - Stopped by Alex Auld without a rebound.
16:06 of 1st period - Patrick O'Sullivan wins face-off versus Dave Bolland in Little Stars zone.
16:06 of 1st period - Patrick O'Sullivan is hit by Jassen Cullimore.
16:12 of 1st period - Slapshot by Dave Bolland.
16:12 of 1st period - Stopped by Alex Auld with a rebound.
16:16 of 1st period - Wrist shot by Mike Grier.
16:16 of 1st period - Shot Blocked by Jordan Bendfeld.
16:18 of 1st period - Slapshot by Dave Bolland.
16:18 of 1st period - Stopped by Alex Auld without a rebound.
16:19 of 1st period - Hugh Jessiman wins face-off versus Dave Bolland in Little Stars zone.
16:32 of 1st period - Snap shot by Dave Bolland.
16:32 of 1st period - Stopped by Alex Auld without a rebound.
16:33 of 1st period - Patrick O'Sullivan wins face-off versus Dave Bolland in Little Stars zone.
16:33 of 1st period - Patrick O'Sullivan is hit by Marc-André Bergeron.
16:41 of 1st period - Snap shot by Patrick O'Sullivan.
16:41 of 1st period - Shot Misses the Net.
16:59 of 1st period - Wrist shot by Krys Kolanos.
16:59 of 1st period - Shot Misses the Net.
17:23 of 1st period - Snap shot by Dave Bolland.
17:23 of 1st period - Stopped by Alex Auld without a rebound.
17:24 of 1st period - Patrick O'Sullivan wins face-off versus Alyn McCauley in Little Stars zone.
17:24 of 1st period - Minor Penalty to Jean-Luc Grand-Pierre for Holding.
17:25 of 1st period - Mike Grier wins face-off versus Patrick O'Sullivan in Punishers zone.
17:58 of 1st period - Wrist shot by Steve Regier.
17:58 of 1st period - Shot Blocked by Adam McQuaid.
18:16 of 1st period - Jonathan Blum is hit by Dave Bolland and loses puck.
18:31 of 1st period - Kirk Maltby is hit by Matt Pelech.
18:49 of 1st period - Snap shot by Jimmie Olvestad.
18:49 of 1st period - Shot Blocked by Jordan Hendry.
18:51 of 1st period - Snap shot by Jimmie Olvestad.
18:51 of 1st period - Shot Misses the Net.
19:24 of 1st period - Penalty to Jean-Luc Grand-Pierre is over, Jean-Luc Grand-Pierre is back on ice.
19:46 of 1st period - Cody Bass is hit by Marc-André Bergeron.
19:54 of 1st period - Jean-Luc Grand-Pierre is hit by Krys Kolanos.

2nd period


0:01 of 2nd period - Dave Bolland wins face-off versus Patrick O'Sullivan in neutral zone.
0:30 of 2nd period - Slapshot by Jimmie Olvestad.
0:30 of 2nd period - Shot Misses the Net.
0:32 of 2nd period - Snap shot by Chris Conner.
0:32 of 2nd period - Shot Misses the Net.
0:34 of 2nd period - Slapshot by Mark Fraser.
0:34 of 2nd period - Stopped by Alex Auld with a rebound.
0:48 of 2nd period - Slapshot by Oskar Osala.
0:48 of 2nd period - Stopped by Karri Ramo with a rebound.
0:50 of 2nd period - Snap shot by Tyler Eckford.
0:50 of 2nd period - Shot Misses the Net.
0:52 of 2nd period - Slapshot by Tyler Eckford.
0:52 of 2nd period - Shot Misses the Net.
0:54 of 2nd period - Snap shot by Jordan Hendry.
0:54 of 2nd period - Deflect By Matt Halischuk.
0:54 of 2nd period - Shot Blocked by Mark Fraser.
0:54 of 2nd period - Puck is out of play.
0:55 of 2nd period - Hugh Jessiman wins face-off versus Dave Bolland in Punishers zone.
0:55 of 2nd period - Minor Penalty to Mike Grier for Hooking.
0:56 of 2nd period - Petteri Nokelainen wins face-off versus Patrick O'Sullivan in Punishers zone.
1:11 of 2nd period - Jordan Hendry is hit by Petteri Nokelainen and loses puck.
2:06 of 2nd period - Jimmie Olvestad is hit by Matt Pelech and loses puck.
2:55 of 2nd period - Penalty to Mike Grier is over, Mike Grier is back on ice.
4:31 of 2nd period - Adam McQuaid is hit by Greg Stewart and loses puck.
5:10 of 2nd period - Alyn McCauley is hit by Greg Stewart and loses puck.
5:51 of 2nd period - Stu Bickel is hit by Jonathan Blum and loses puck.
6:04 of 2nd period - Jean-Luc Grand-Pierre is hit by Jordan Bendfeld and loses puck.
6:13 of 2nd period - Jean-Luc Grand-Pierre is hit by Nathan Gerbe.
6:14 of 2nd period - Icing by Jean-Luc Grand-Pierre.
6:15 of 2nd period - Patrick O'Sullivan wins face-off versus Kirk Maltby in Punishers zone.
6:16 of 2nd period - Backhand shot by Oskar Osala.
6:16 of 2nd period - Stopped by Karri Ramo without a rebound.
6:17 of 2nd period - Patrick O'Sullivan wins face-off versus Alyn McCauley in Punishers zone.
6:45 of 2nd period - Off-side.
6:46 of 2nd period - Nathan Gerbe wins face-off versus Petteri Nokelainen in neutral zone.
6:58 of 2nd period - Snap shot by Steve Regier.
6:58 of 2nd period - Stopped by Karri Ramo with a rebound.
7:10 of 2nd period - Adam McQuaid is hit by Matt D'Agostini and loses puck.
7:15 of 2nd period - Wrist shot by Nathan Gerbe.
7:15 of 2nd period - Shot Blocked by Adam Pineault.
7:43 of 2nd period - Off-side.
7:44 of 2nd period - Patrick O'Sullivan wins face-off versus Dave Bolland in neutral zone.
7:49 of 2nd period - Snap shot by Greg Stewart.
7:49 of 2nd period - Shot Misses the Net.
7:51 of 2nd period - Snap shot by Patrick O'Sullivan.
7:51 of 2nd period - Shot Misses the Net.
7:59 of 2nd period - Snap shot by Greg Stewart.
7:59 of 2nd period - Shot Misses the Net.
8:42 of 2nd period - Slapshot by Jean-Luc Grand-Pierre.
8:42 of 2nd period - Stopped by Alex Auld with a rebound.
9:34 of 2nd period - Snap shot by Steve Regier.
9:34 of 2nd period - Stopped by Karri Ramo without a rebound.
9:35 of 2nd period - Nathan Gerbe wins face-off versus Dave Bolland in Punishers zone.
9:42 of 2nd period - Slapshot by Nathan Gerbe.
9:42 of 2nd period - Shot Blocked by Kirk Maltby.
9:44 of 2nd period - Slapshot by Nathan Gerbe.
9:44 of 2nd period - Stopped by Karri Ramo with a rebound.
9:48 of 2nd period - Wrist shot by Nathan Gerbe.
9:48 of 2nd period - Shot Misses the Net.
9:50 of 2nd period - Wrist shot by Tyler Eckford.
9:50 of 2nd period - Deflect By Nathan Gerbe.
9:50 of 2nd period - Shot Blocked by Kirk Maltby.
9:50 of 2nd period - Puck is out of play.
9:51 of 2nd period - Patrick O'Sullivan wins face-off versus Alyn McCauley in Punishers zone.
10:00 of 2nd period - Snap shot by Alyn McCauley.
10:00 of 2nd period - Deflect By Chris Conner.
10:00 of 2nd period - Stopped by Alex Auld with a rebound.
10:45 of 2nd period - Off-side.
10:46 of 2nd period - Patrick O'Sullivan wins face-off versus Alyn McCauley in neutral zone.
10:49 of 2nd period - Chris Conner is hit by Greg Stewart and loses puck.
10:58 of 2nd period - Snap shot by Jassen Cullimore.
10:58 of 2nd period - Deflect By Alyn McCauley.
10:58 of 2nd period - Stopped by Alex Auld with a rebound.
12:19 of 2nd period - Wrist shot by Greg Stewart.
12:19 of 2nd period - Shot Misses the Net.
12:21 of 2nd period - Backhand shot by Jonathan Blum.
12:21 of 2nd period - Stopped by Karri Ramo without a rebound.
12:22 of 2nd period - Dave Bolland wins face-off versus Patrick O'Sullivan in Punishers zone.
13:12 of 2nd period - Wrist shot by Adam Pineault.
13:12 of 2nd period - Shot Blocked by Jordan Hendry.
13:28 of 2nd period - Minor Penalty to Jordan Bendfeld for Holding.
13:29 of 2nd period - Dave Bolland wins face-off versus Krys Kolanos in Little Stars zone.
13:30 of 2nd period - Wrist shot by Kirk Maltby.
13:30 of 2nd period - Stopped by Alex Auld with a rebound.
13:40 of 2nd period - Snap shot by Mike Grier.
13:40 of 2nd period - Shot Misses the Net.
13:42 of 2nd period - Snap shot by Dave Bolland.
13:42 of 2nd period - Goal by Dave Bolland - Little Stars : 0 - Punishers : 1.
13:43 of 2nd period - Dave Bolland wins face-off versus Patrick O'Sullivan in neutral zone.
14:08 of 2nd period - Jimmie Olvestad is hit by Steve Regier and loses puck.
14:19 of 2nd period - Snap shot by Steve Regier.
14:19 of 2nd period - Deflect By Matt D'Agostini.
14:19 of 2nd period - Shot Misses the Net.
14:19 of 2nd period - Puck is out of play.
14:20 of 2nd period - Dave Bolland wins face-off versus Patrick O'Sullivan in Punishers zone.
14:45 of 2nd period - Nathan Gerbe is hit by Mark Fraser and loses puck.
15:10 of 2nd period - Snap shot by Oskar Osala.
15:10 of 2nd period - Stopped by Karri Ramo with a rebound.
15:12 of 2nd period - Slapshot by Jonathan Blum.
15:12 of 2nd period - Stopped by Karri Ramo without a rebound.
15:13 of 2nd period - Hugh Jessiman wins face-off versus Dave Bolland in Punishers zone.
15:14 of 2nd period - Slapshot by Greg Stewart.
15:14 of 2nd period - Shot Misses the Net.
15:22 of 2nd period - Greg Stewart is hit by Kirk Maltby and loses puck.
15:52 of 2nd period - Snap shot by Chris Conner.
15:52 of 2nd period - Goal by Chris Conner - Little Stars : 0 - Punishers : 2.
15:53 of 2nd period - Patrick O'Sullivan wins face-off versus Dave Bolland in neutral zone.
16:33 of 2nd period - Snap shot by Steve Regier.
16:33 of 2nd period - Shot Misses the Net.
16:38 of 2nd period - Minor Penalty to Oskar Osala for High sticking.
16:39 of 2nd period - Krys Kolanos wins face-off versus Dave Bolland in Little Stars zone.
17:19 of 2nd period - Nathan Gerbe is hit by Jimmie Olvestad and loses puck.
17:51 of 2nd period - Kirk Maltby is hit by Jonathan Blum and loses puck.
18:38 of 2nd period - Penalty to Oskar Osala is over, Oskar Osala is back on ice.
18:46 of 2nd period - Snap shot by Nathan Gerbe.
18:46 of 2nd period - Deflect By Matt D'Agostini.
18:46 of 2nd period - Shot Misses the Net.
18:46 of 2nd period - Puck is out of play.
18:47 of 2nd period - Nathan Gerbe wins face-off versus Ryan White in Punishers zone.
18:48 of 2nd period - Snap shot by Steve Regier.
18:48 of 2nd period - Shot Blocked by Ryan White.
18:50 of 2nd period - Snap shot by Steve Regier.
18:50 of 2nd period - Shot Misses the Net.
18:52 of 2nd period - Backhand shot by Paul Postma.
18:52 of 2nd period - Shot Misses the Net.
18:54 of 2nd period - Slapshot by Nathan Gerbe.
18:54 of 2nd period - Stopped by Karri Ramo with a rebound.
19:12 of 2nd period - Backhand shot by Nathan Gerbe.
19:12 of 2nd period - Stopped by Karri Ramo with a rebound.
19:14 of 2nd period - Slapshot by Paul Postma.
19:14 of 2nd period - Shot Misses the Net.
19:16 of 2nd period - Wrist shot by Steve Regier.
19:16 of 2nd period - Shot Misses the Net.
19:18 of 2nd period - Snap shot by Nathan Gerbe.
19:18 of 2nd period - Shot Misses the Net.
19:22 of 2nd period - Wrist shot by Steve Regier.
19:22 of 2nd period - Shot Misses the Net.
19:24 of 2nd period - Slapshot by Matt D'Agostini.
19:24 of 2nd period - Goal by Matt D'Agostini - Little Stars : 1 - Punishers : 2.
19:25 of 2nd period - Dave Bolland wins face-off versus Patrick O'Sullivan in neutral zone.
19:30 of 2nd period - Slapshot by Marc-André Bergeron.
19:30 of 2nd period - Shot Blocked by Greg Stewart.

3rd period


0:01 of 3rd period - Patrick O'Sullivan wins face-off versus Dave Bolland in neutral zone.
0:08 of 3rd period - Snap shot by Hugh Jessiman.
0:08 of 3rd period - Deflect By Patrick O'Sullivan.
0:08 of 3rd period - Stopped by Karri Ramo with a rebound.
0:10 of 3rd period - Snap shot by Patrick O'Sullivan.
0:10 of 3rd period - Shot Blocked by Dave Bolland.
0:12 of 3rd period - Slapshot by Jordan Hendry.
0:12 of 3rd period - Stopped by Karri Ramo without a rebound.
0:13 of 3rd period - Patrick O'Sullivan wins face-off versus Dave Bolland in Punishers zone.
1:40 of 3rd period - Minor Penalty to Mike Grier for Hooking.
1:41 of 3rd period - Petteri Nokelainen wins face-off versus Patrick O'Sullivan in Punishers zone.
2:43 of 3rd period - Matt D'Agostini is hit by Marc-André Bergeron and loses puck.
3:27 of 3rd period - Minor Penalty to Petteri Nokelainen for Interference.
3:27 of 3rd period - Minor Penalty to Matt Pelech for Holding.
3:28 of 3rd period - Alyn McCauley wins face-off versus Patrick O'Sullivan in Punishers zone.
3:40 of 3rd period - Penalty to Mike Grier is over, Mike Grier is back on ice.
3:41 of 3rd period - Slapshot by Mike Grier.
3:41 of 3rd period - Shot Misses the Net.
4:03 of 3rd period - Slapshot by Jassen Cullimore.
4:03 of 3rd period - Stopped by Alex Auld without a rebound.
4:04 of 3rd period - Patrick O'Sullivan wins face-off versus Mike Grier in Little Stars zone.
4:44 of 3rd period - Snap shot by Oskar Osala.
4:44 of 3rd period - Shot Misses the Net.
5:27 of 3rd period - Penalty to Petteri Nokelainen is over, Petteri Nokelainen is back on ice.
5:27 of 3rd period - Penalty to Matt Pelech is over, Matt Pelech is back on ice.
5:33 of 3rd period - Snap shot by Patrick O'Sullivan.
5:33 of 3rd period - Shot Blocked by Jassen Cullimore.
5:35 of 3rd period - Slapshot by Matt Pelech.
5:35 of 3rd period - Shot Blocked by Marc-André Bergeron.
5:37 of 3rd period - Wrist shot by Patrick O'Sullivan.
5:37 of 3rd period - Stopped by Karri Ramo with a rebound.
5:39 of 3rd period - Snap shot by Jonathan Blum.
5:39 of 3rd period - Shot Blocked by Marc-André Bergeron.
5:41 of 3rd period - Slapshot by Matt Pelech.
5:41 of 3rd period - Stopped by Karri Ramo with a rebound.
5:43 of 3rd period - Slapshot by Jonathan Blum.
5:43 of 3rd period - Shot Hit the Post.
5:59 of 3rd period - Snap shot by Greg Stewart.
5:59 of 3rd period - Stopped by Karri Ramo with a rebound.
6:01 of 3rd period - Snap shot by Patrick O'Sullivan.
6:01 of 3rd period - Shot Misses the Net.
6:03 of 3rd period - Wrist shot by Greg Stewart.
6:03 of 3rd period - Stopped by Karri Ramo without a rebound.
6:04 of 3rd period - Nathan Gerbe wins face-off versus Kris Chucko in Punishers zone.
6:35 of 3rd period - Icing by Jordan Hendry.
6:36 of 3rd period - Krys Kolanos wins face-off versus Dave Bolland in Little Stars zone.
6:49 of 3rd period - Snap shot by Krys Kolanos.
6:49 of 3rd period - Shot Misses the Net.
6:51 of 3rd period - Snap shot by Matt Halischuk.
6:51 of 3rd period - Shot Misses the Net.
6:53 of 3rd period - Slapshot by Oskar Osala.
6:53 of 3rd period - Stopped by Karri Ramo with a rebound.
6:55 of 3rd period - Wrist shot by Matt Halischuk.
6:55 of 3rd period - Shot Blocked by Adam McQuaid.
6:57 of 3rd period - Slapshot by Matt Halischuk.
6:57 of 3rd period - Stopped by Karri Ramo without a rebound.
6:58 of 3rd period - Nathan Gerbe wins face-off versus Alyn McCauley in Punishers zone.
6:59 of 3rd period - Slapshot by Steve Regier.
6:59 of 3rd period - Stopped by Karri Ramo without a rebound.
7:00 of 3rd period - Nathan Gerbe wins face-off versus Alyn McCauley in Punishers zone.
7:45 of 3rd period - Slapshot by Jassen Cullimore.
7:45 of 3rd period - Stopped by Alex Auld with a rebound.
7:47 of 3rd period - Slapshot by Jimmie Olvestad.
7:47 of 3rd period - Shot Hit the Post.
7:49 of 3rd period - Wrist shot by Alyn McCauley.
7:49 of 3rd period - Goal by Alyn McCauley - Little Stars : 1 - Punishers : 3.
7:50 of 3rd period - Patrick O'Sullivan wins face-off versus Dave Bolland in neutral zone.
7:56 of 3rd period - Off-side.
7:57 of 3rd period - Patrick O'Sullivan wins face-off versus Dave Bolland in neutral zone.
8:02 of 3rd period - Snap shot by Greg Stewart.
8:02 of 3rd period - Stopped by Karri Ramo with a rebound.
8:22 of 3rd period - Snap shot by Viktor Stalberg.
8:22 of 3rd period - Shot Misses the Net.
8:24 of 3rd period - Snap shot by Jean-Luc Grand-Pierre.
8:24 of 3rd period - Stopped by Alex Auld with a rebound.
8:26 of 3rd period - Snap shot by Jean-Luc Grand-Pierre.
8:26 of 3rd period - Deflect By Patrick O'Sullivan.
8:26 of 3rd period - Stopped by Alex Auld with a rebound.
8:28 of 3rd period - Slapshot by Jean-Luc Grand-Pierre.
8:28 of 3rd period - Stopped by Alex Auld with a rebound.
8:30 of 3rd period - Wrist shot by Viktor Stalberg.
8:30 of 3rd period - Shot Misses the Net.
8:32 of 3rd period - Wrist shot by Petteri Nokelainen.
8:32 of 3rd period - Stopped by Alex Auld with a rebound.
8:34 of 3rd period - Slapshot by Mark Fraser.
8:34 of 3rd period - Shot Blocked by Jordan Hendry.
8:48 of 3rd period - Snap shot by Jassen Cullimore.
8:48 of 3rd period - Stopped by Alex Auld with a rebound.
8:50 of 3rd period - Slapshot by Marc-André Bergeron.
8:50 of 3rd period - Deflect By Tyler Eckford.
8:50 of 3rd period - Stopped by Alex Auld without a rebound.
8:51 of 3rd period - Matt D'Agostini wins face-off versus Kris Chucko in Little Stars zone.
8:56 of 3rd period - Ryan White is hit by Matt D'Agostini and loses puck.
9:22 of 3rd period - Slapshot by Adam McQuaid.
9:22 of 3rd period - Stopped by Alex Auld without a rebound.
9:23 of 3rd period - Krys Kolanos wins face-off versus Dave Bolland in Little Stars zone.
9:36 of 3rd period - Jordan Bendfeld is hit by Stu Bickel and loses puck.
9:40 of 3rd period - Matt Halischuk beats up Kirk Maltby.
9:40 of 3rd period - Penalty to Kirk Maltby for Fighting.
9:40 of 3rd period - Penalty to Matt Halischuk for Fighting.
9:41 of 3rd period - Dave Bolland wins face-off versus Patrick O'Sullivan in Little Stars zone.
9:42 of 3rd period - Snap shot by Viktor Stalberg.
9:42 of 3rd period - Shot Misses the Net.
9:52 of 3rd period - Snap shot by Greg Stewart.
9:52 of 3rd period - Stopped by Karri Ramo with a rebound.
9:54 of 3rd period - Slapshot by Jordan Hendry.
9:54 of 3rd period - Shot Blocked by Mike Grier.
10:13 of 3rd period - Snap shot by Steve Regier.
10:13 of 3rd period - Stopped by Karri Ramo with a rebound.
10:15 of 3rd period - Snap shot by Nathan Gerbe.
10:15 of 3rd period - Deflect By Mark Fraser.
10:15 of 3rd period - Stopped by Karri Ramo with a rebound.
10:31 of 3rd period - Wrist shot by Kris Chucko.
10:31 of 3rd period - Stopped by Alex Auld with a rebound.
10:33 of 3rd period - Slapshot by Jean-Luc Grand-Pierre.
10:33 of 3rd period - Shot Blocked by Matt Pelech.
11:05 of 3rd period - Jordan Hendry is hit by Jimmie Olvestad and loses puck.
11:46 of 3rd period - Icing by Krys Kolanos.
11:47 of 3rd period - Dave Bolland wins face-off versus Krys Kolanos in Little Stars zone.
12:07 of 3rd period - Snap shot by Krys Kolanos.
12:07 of 3rd period - Stopped by Karri Ramo with a rebound.
12:09 of 3rd period - Slapshot by Oskar Osala.
12:09 of 3rd period - Stopped by Karri Ramo with a rebound.
12:11 of 3rd period - Slapshot by Hugh Jessiman.
12:11 of 3rd period - Shot Misses the Net.
12:19 of 3rd period - Snap shot by Oskar Osala.
12:19 of 3rd period - Stopped by Karri Ramo without a rebound.
12:20 of 3rd period - Nathan Gerbe wins face-off versus Dave Bolland in Punishers zone.
12:23 of 3rd period - Snap shot by Steve Regier.
12:23 of 3rd period - Stopped by Karri Ramo with a rebound.
13:47 of 3rd period - Slapshot by Marc-André Bergeron.
13:47 of 3rd period - Deflect By Ryan White.
13:47 of 3rd period - Shot Blocked by Jonathan Blum.
13:47 of 3rd period - Puck is out of play.
13:48 of 3rd period - Krys Kolanos wins face-off versus Ryan White in Little Stars zone.
13:48 of 3rd period - Krys Kolanos is hit by Jassen Cullimore.
13:56 of 3rd period - Wrist shot by Oskar Osala.
13:56 of 3rd period - Shot Misses the Net.
14:04 of 3rd period - Slapshot by Jassen Cullimore.
14:04 of 3rd period - Stopped by Alex Auld with a rebound.
15:13 of 3rd period - Nathan Gerbe is hit by Jimmie Olvestad and loses puck.
15:24 of 3rd period - Off-side.
15:25 of 3rd period - Patrick O'Sullivan wins face-off versus Dave Bolland in neutral zone.
15:28 of 3rd period - Marc-André Bergeron is hit by Hugh Jessiman and loses puck.
16:02 of 3rd period - Wrist shot by Steve Regier.
16:02 of 3rd period - Deflect By Nathan Gerbe.
16:02 of 3rd period - Shot Misses the Net.
16:02 of 3rd period - Puck is out of play.
16:03 of 3rd period - Dave Bolland wins face-off versus Nathan Gerbe in Punishers zone.
16:11 of 3rd period - Icing by Matt Pelech.
16:12 of 3rd period - Nathan Gerbe wins face-off versus Dave Bolland in Little Stars zone.
16:21 of 3rd period - Snap shot by Steve Regier.
16:21 of 3rd period - Shot Misses the Net.
16:23 of 3rd period - Slapshot by Steve Regier.
16:23 of 3rd period - Shot Hit the Post.
16:25 of 3rd period - Slapshot by Jonathan Blum.
16:25 of 3rd period - Deflect By Nathan Gerbe.
16:25 of 3rd period - Shot Misses the Net.
16:25 of 3rd period - Puck is out of play.
16:26 of 3rd period - Patrick O'Sullivan wins face-off versus Petteri Nokelainen in Punishers zone.
16:35 of 3rd period - Slapshot by Marc-André Bergeron.
16:35 of 3rd period - Stopped by Alex Auld with a rebound.
16:39 of 3rd period - Wrist shot by Petteri Nokelainen.
16:39 of 3rd period - Stopped by Alex Auld with a rebound.
16:41 of 3rd period - Slapshot by Jassen Cullimore.
16:41 of 3rd period - Shot Blocked by Jordan Hendry.
16:53 of 3rd period - Troy Bodie is hit by Marc-André Bergeron and loses puck.
17:55 of 3rd period - Patrick O'Sullivan is hit by Mike Grier and loses puck.
18:02 of 3rd period - Slapshot by Greg Stewart.
18:02 of 3rd period - Shot Blocked by Stu Bickel.
18:20 of 3rd period - Snap shot by Adam Pineault.
18:20 of 3rd period - Stopped by Alex Auld without a rebound.
18:21 of 3rd period - Petteri Nokelainen wins face-off versus Krys Kolanos in Little Stars zone.
18:32 of 3rd period - Snap shot by Krys Kolanos.
18:32 of 3rd period - Shot Blocked by Viktor Stalberg.
18:34 of 3rd period - Wrist shot by Matt Halischuk.
18:34 of 3rd period - Shot Misses the Net.
18:55 of 3rd period - Wrist shot by Dave Bolland.
18:55 of 3rd period - Stopped by Alex Auld without a rebound.
18:56 of 3rd period - Krys Kolanos wins face-off versus Petteri Nokelainen in Little Stars zone.
19:11 of 3rd period - Wrist shot by Krys Kolanos.
19:11 of 3rd period - Shot Blocked by Jean-Luc Grand-Pierre.


Output by the SimonT Hockey Simulator (STHS) for François Prévost -- Original Page W3C XHTML 1.0 Valid
Hockey Simulator - Hockey Simulation - Hockey Manager